AoeStats
← Cr3ep

Arabia

510928454Analyzed
3v3 RM · 10h ago on Oct 3, 2026· 52m 8s· 6 players
Game mode
Random Map
Map size
Normal (6 player)
Population
200
Speed
Normal
Resources
Standard
Victory
Conquest
Starting age
Dark Age
Ending age
Imperial Age
RankedLock teamsTeams togetherTeam positionsShared explorationLock speedFull tech treeHidden civsTurbo modeCheats
Victory
Defeat
🇨🇱 Magyars · Chile
1160
+15
🇨🇱 Britons · Chile
1132
+17
🇨🇱 Georgians · Chile
943
+24
🇦🇷 Persians · Argentina
1279
-24
🇲🇽 Ethiopians · Mexico
1111
-18
🇲🇽 Britons · Mexico
1027
-37
Sir Labrop
6:47 Loom
9:55 Feudal Age
10:45 Double-Bit Axe
10:58 Horse Collar
22:56 Castle Age
22:04 Scale Barding Armor
22:19 Bloodlines
23:06 Scale Mail Armor
22:59 Light Cavalry
26:18 Heavy Plow
28:04 Husbandry
33:27 Bow Saw
32:51 Pikeman
36:06 Wheelbarrow
40:54 Fletching
44:55 Imperial Age
43:25 Hand Cart
42:55 Town Watch
46:37 Conscription
47:07 Corvinian Army
46:41 Cavalier
48:17 Chain Barding Armor
49:54 Plate Barding Armor
52:05 Bodkin Arrow
Don Broca
0:33 Loom
11:29 Feudal Age
12:26 Double-Bit Axe
12:23 Horse Collar
12:35 Gold Mining
12:37 Stone Mining
21:01 Castle Age
20:05 Bloodlines
20:44 Scale Barding Armor
20:49 Forging
22:07 Bow Saw
22:33 Stone Shaft Mining
22:00 Heavy Plow
26:32 Husbandry
29:39 Imperial Age
26:57 Town Watch
28:11 Iron Casting
30:03 Town Patrol
31:56 Chain Barding Armor
33:02 Blast Furnace
34:37 Conscription
37:06 Wheelbarrow
39:39 Hand Cart
40:32 Elite Monaspa
46:25 Hoardings
El sin team Hoffmann
5:14 Loom
8:55 Feudal Age
12:13 Double-Bit Axe
16:13 Horse Collar
19:16 Forging
23:58 Castle Age
24:50 Light Cavalry
25:30 Husbandry
37:34 Iron Casting
37:14 Bow Saw
39:26 Wheelbarrow
38:45 Gold Mining
39:38 Town Watch
41:12 Heavy Plow
41:29 Hand Cart
41:39 Hand Cart
41:47 Fletching
43:33 Bodkin Arrow
44:00 Ballistics
43:22 Treadmill Crane
44:42 Scale Barding Armor
46:09 Chain Barding Armor
46:05 Padded Archer Armor
47:15 Gold Shaft Mining
49:30 Imperial Age
51:17 Blast Furnace
50:18 Bracer
50:53 Plate Barding Armor
51:10 Conscription
52:06 Chemistry
52:43 Leather Archer Armor
VL marianinka
6:15 Loom
8:55 Feudal Age
9:21 Double-Bit Axe
12:59 Town Watch
14:27 Wheelbarrow
20:37 Bloodlines
23:17 Castle Age
21:59 Gold Mining
23:12 Scale Barding Armor
23:46 Forging
23:06 Light Cavalry
25:37 Chain Barding Armor
26:33 Husbandry
35:11 Horse Collar
39:38 Bow Saw
40:50 Stone Mining
41:04 Heavy Plow
43:06 Hand Cart
47:53 Iron Casting
47:09 Fletching
48:02 Stone Shaft Mining
48:04 Gold Shaft Mining
53:42 Imperial Age
AlverthXIII
7:25 Loom
10:11 Feudal Age
11:18 Double-Bit Axe
12:21 Fletching
15:50 Wheelbarrow
17:51 Padded Archer Armor
22:02 Gold Mining
22:41 Horse Collar
28:20 Castle Age
29:00 Bodkin Arrow
28:28 Crossbowman
29:16 Thumb Ring
30:09 Leather Archer Armor
31:10 Ballistics
35:55 Hand Cart
36:29 Gold Shaft Mining
36:46 Masonry
39:56 Bow Saw
39:49 Heavy Plow
42:42 Town Watch
46:16 Imperial Age
47:03 Coinage
46:43 Arbalester
47:24 Bracer
47:56 Ring Archer Armor
48:28 Chemistry
Cr3ep
8:39 Loom
13:31 Feudal Age
17:46 Double-Bit Axe
19:31 Fletching
19:42 Padded Archer Armor
20:23 Wheelbarrow
25:07 Castle Age
25:56 Bodkin Arrow
27:04 Hand Cart
26:46 Crossbowman
31:12 Leather Archer Armor
30:45 Horse Collar
31:47 Gold Mining
36:13 Bow Saw
37:10 Town Watch
37:48 Ballistics
37:26 Murder Holes
40:05 Masonry
40:01 Stone Mining
Connection lost

Rejoining the realm…

Still unreachable

The connection could not be restored.

Session expired

The server has moved on; the page needs a fresh start.